 Dungeon Crawl Stone Soup version 0.18-a0-1637-g109f206 (webtiles) character file.

309 Yawgmoth the Firebug (level 6, -3/43 HPs)
             Began as a Mummy Fire Elementalist on Mar 25, 2016.
             Was a Follower of Vehumet.
             Slain by an ogre
             ... wielding a +0 giant spiked club
              (22 damage)
             ... on level 3 of the Dungeon on Mar 26, 2016.
             The game lasted 00:24:06 (4999 turns).

Yawgmoth the Firebug (Mummy Fire Elementalist)      Turns: 4999, Time: 00:24:07

Health: -3/43      AC:  4    Str: 11    XL:     6   Next: 17%
Magic:  18/20      EV: 12    Int: 16    God:    Vehumet [*.....]
Gold:   215        SH:  0    Dex: 13    Spells: 1 memorised, 10 levels left

rFire  x . .     SeeInvis .     j - +0 hunting sling
rCold  + . .     Gourm    .     a - +0 robe
rNeg   + + +     Faith    .     (no shield)
rPois  ∞         Spirit   .     q - +0 helmet
rElec  .         Dismiss  .     l - +0 cloak (curse)
rCorr  .         Reflect  .     (no gloves)
SustAt .         Harm     .     (no boots)
MR     +....                    (no amulet)
Stlth  ++........               y - ring of protection from magic
                                x - ring of magical power

@: somewhat resistant to hostile enchantments, unstealthy
A: no food or potions, fire vulnerability, cold resistance 1, negative energy
resistance 3, torment resistance, unbreathing
a: Renounce Religion


You were on level 3 of the Dungeon.
You worshipped Vehumet.
Vehumet was aware of your devotion.
You were not hungry.

You visited 1 branch of the dungeon, and saw 4 of its levels.

You collected 215 gold pieces.

Inventory:

Hand Weapons
 i - a -1 whip
 j - a +0 hunting sling (weapon)
 o - a +0 spear
 s - a +0 long sword
 u - a +2 flail of protection
Missiles
 f - 165 stones (quivered)
Armour
 a - a +0 robe (worn)
 l - a cursed +0 cloak (worn)
 q - a +0 helmet (worn)
 v - a +0 leather armour
Jewellery
 d - an uncursed amulet of guardian spirit
 m - an uncursed ring of flight
 r - an uncursed ring of sustain attributes
 x - a ring of magical power (left hand)
 y - a ring of protection from magic (right hand)
Scrolls
 c - 2 scrolls of noise {unknown}
 e - a scroll of teleportation {unknown}
 g - 3 scrolls of remove curse
 h - 6 scrolls of identify {unknown}
 k - a scroll of fog {unknown}
 n - a scroll of enchant armour {unknown}
 p - a scroll of enchant weapon {unknown}
 t - a scroll of random uselessness {unknown}
 w - a scroll of fear {unknown}
 z - a scroll of immolation {unknown}
Books
 b - a book of Flames

   Spells                             Type                      Level
   a - Flame Tongue                   Conjuration/Fire             1
   b - Throw Flame                    Conjuration/Fire             2
   c - Conjure Flame                  Conjuration/Fire             3
   d - Inner Flame                    Hexes/Fire                   3
   e - Sticky Flame                   Conjuration/Fire             4
   f - Fireball                       Conjuration/Fire             5


   Skills:
 - Level 1.3 Fighting
 - Level 1.7 Dodging
 - Level 1.5 Stealth
 + Level 3.4 Spellcasting
 + Level 2.5 Conjurations
 * Level 4.0 Fire Magic


You had 10 spell levels left.
You knew the following spells:

 Your Spells              Type           Power        Failure   Level  Hunger
a - Flame Tongue          Conj/Fire      ##...        6%          1    N/A

Dungeon Overview and Level Annotations

Branches:
Dungeon (4/15)
 Temple: D:4-7

Altars:
Qazlal
Vehumet


Innate Abilities, Weirdness & Mutations

You do not eat or drink.
Your flesh is vulnerable to fire.
You are immune to poison.
Your flesh is cold resistant.
You are immune to negative energy.
You are immune to unholy pain and torment.
You can survive without breathing.


Message History

The wight hits you with a battleaxe. The kobold closely misses you.
You climb upwards.
There is a stone staircase leading down here.
Casting: Flame Tongue
Confirm with . or Enter, or press ? or * to list all spells.
Aiming: Flame Tongue
Press: ? - help, Shift-Dir - straight line, f - ogre
Aim: an ogre, wielding a giant spiked club The flame tongue hits the ogre.
The ogre appears unharmed.
The ogre completely misses you. The kobold barely misses you.
Casting: Flame Tongue
Confirm with . or Enter, or press ? or * to list all spells.
Aiming: Flame Tongue
Press: ? - help, Shift-Dir - straight line, f/p - ogre
Aim: an ogre, wielding a giant spiked club The flame tongue hits the ogre.
The ogre is moderately wounded.
The ogre hits you with a giant spiked club!!
Ouch! That really hurt!
You die...

..♣≈≈P♣♣ #.# #.#
#### ..≈≈≈≈≈♣
#.# #.###...
..≈≈≈≈≈♣######.#
#.....#.
...≈≈≈≈≈.......#
#####...
..≈≈≈≈≈≈♣#######
#### ...≈≈≈≈≈≈♣
...≈≈≈≈P)♣
..≈♣≈≈≈≈≈♣
#########
...≈PP≈≈≈♣
#..K@Oz.#
....≈≈≈≈≈♣
#.#####.#
...≈≈≈≈≈≈♣###.#
#.# ### #####
..≈≈≈≈≈≈♣.....#
#.# ##.###....
P.≈≈)♣#######.#
#.# ##.#.#.###.
≈..P≈.#
#.#####.#
#.###.## ##
≈.....#
#.....).#
##.#%## #
≈....##
####.#### ##..#
....## #.# #..##
#


You could see an ogre, a wight and a kobold.

Vanquished Creatures
  An orc priest (D:3)
  An orc wizard (D:3)
  Natasha (twice) (D:3)
  A worker ant (D:4)
  A gnoll (D:1)
  A howler monkey skeleton (D:3)
  5 adders
  A worm (D:2)
  2 dart slugs
  8 giant geckos
  9 orcs
  5 giant cockroaches
  10 goblins
  9 hobgoblins
  3 jackals (D:1)
  5 quokkas
  A ball python (D:4)
  A ball python skeleton (D:4)
  9 bats
  11 kobolds
  6 rats
92 creatures vanquished.

Notes
Turn   | Place    | Note
--------------------------------------------------------------
     0 | D:1      | Yawgmoth the Mummy Fire Elementalist began the quest for the Orb.
     0 | D:1      | Reached XP level 1. HP: 13/13 MP: 3/3
   223 | D:1      | Reached XP level 2. HP: 2/19 MP: 0/5
   896 | D:1      | Reached skill level 1 in Conjurations
   971 | D:1      | Reached XP level 3. HP: 20/25 MP: 0/6
  1100 | D:1      | Reached skill level 1 in Fighting
  1750 | D:2      | Reached skill level 3 in Fire Magic
  1838 | D:2      | Reached XP level 4. HP: 20/32 MP: 3/8
  2145 | D:2      | Found a radiant altar of Vehumet.
  2171 | D:2      | Became a worshipper of Vehumet
  2277 | D:2      | Found a stormy altar of Qazlal.
  3114 | D:3      | Noticed Natasha
  3122 | D:3      | Killed Natasha
  3179 | D:3      | Reached XP level 5. HP: 37/37 MP: 5/9
  3395 | D:3      | Reached * piety under Vehumet
  3395 | D:3      | Offered knowledge of Sting by Vehumet.
  3808 | D:3      | Found a stormy altar of Qazlal.
  3913 | D:3      | Noticed Natasha
  3925 | D:3      | Killed Natasha
  4484 | D:3      | Reached XP level 6. HP: 43/43 MP: 11/11
  4533 | D:4      | Reached skill level 4 in Fire Magic
  4994 | D:3      | Upgraded the game from 0.18-a0-1628-g61c6396 to 0.18-a0-1637-g109f206
  4999 | D:3      | Slain by an ogre

Vault maps used:
D:1:      minmay_arrival_stone_box
D:2:      lemuel_doored_altar, nicolae_overflow_crystal_walls, first_bread,
          serial_co_window_serial, co_window_of_opportunity_a,
          co_window_paths_a, co_window_cross_1, co_window_corner_a,
          co_window_paths_b, co_window_unsneaky_path_b,
          co_window_unsneaky_path_c, co_window_corner_cb,
          co_window_unsneaky_path_a, co_window_paths_e, glass_columns_a,
          glass_columns_b, glass_columns_a, glass_columns_c, hex_medium,
          minmay_misc_feat_four_crosses
D:3:      serial_bayou_pond_a, serial_bayou_ford_a,
          nicolae_qazlal_eye_of_the_storm, uniq_natasha
D:4:      minmay_cut_off

Skill      XL: |  1  2  3  4  5  6 |
---------------+-------------------+-----
Conjurations   | 1 2 |  2.5
Fighting       | 1 |  1.3
Fire Magic     | 3 4 |  4.0
Spellcasting   | 3 |  3.4
Dodging        | |  1.7
Stealth        | |  1.5

Action                   |  1- 3 |  4- 6 || total
-------------------------+-------+-------++-------
Melee: Club              |     9 |       ||     9
 Fire: Hunting sling     |     2 |   121 ||   123
Throw: Stone             |    17 |       ||    17
 Cast: Flame Tongue      |    56 |    93 ||   149
  Use: Scroll            |     1 |       ||     1
